Map: Emerald City LE

Players

JamesBond

  • Race: Protoss Protoss
  • Spawn Location: 5:00

CocoFruit

  • Race: Zerg Zerg
  • League: Platinum
  • Spawn Location: 5:00

Massa - Winner!

  • Race: Terran Terran
  • League: Gold
  • Spawn Location: 11:00

qqq - Winner!

  • Race: Protoss Protoss
  • League: Platinum
  • Spawn Location: 11:00

VOD

Have the link to the VOD?

Description

Time

  • Played on: July 28, 2020, 8:04 a.m.
  • Length: 18:19
Show
View Real Time Build Order
Export as new Build Order

JamesBond Protoss 

Build Orders: 1 Gate Expand, Zealot Archon 

Get SALT Encoding   

  12  0:00  Probe  
  13  0:12  Probe  
  14  0:23  Pylon  
  14  0:24  Probe  
  15  0:41  Probe (Chrono Boost)  
  16  0:43  Gateway  
  16  0:51  Assimilator  
  16  0:52  Probe (Chrono Boost)  
  17  0:57  Probe (Chrono Boost)  
  18  1:07  Probe  
  19  1:19  Probe  
  20  1:31  Nexus  
  20  1:34  Probe  
  21  1:44  Cybernetics Core  
  21  1:55  Probe, Assimilator  
  22  2:07  Probe  
  23  2:27  Warp Gate  
  23  2:31  Pylon  
  23  2:40  Stalker (Chrono Boost)  
  23  2:43  Probe  
  26  2:55  Probe  
  26  2:57  Gateway  
  25  3:19  Pylon  
  25  3:20  Stalker (Chrono Boost)  
  27  3:31  Probe x2  
  29  3:34  Robotics Facility  
  29  3:35  Twilight Council  
  29  3:43  Probe x2  
  29  3:45  Gateway  
  29  3:46  Stalker (Chrono Boost)  
  33  3:52  Sentry  
  35  3:55  Probe  
  35  3:56  Probe  
  37  4:03  Shield Battery  
  37  4:08  Probe x2  
  39  4:10  Shield Battery, Blink (Chrono Boost)  
  39  4:20  Probe  
  40  4:26  Observer  
  40  4:30  Probe  
  42  4:31  Assimilator  
  42  4:32  Probe  
  42  4:34  Sentry  
  45  4:42  Probe  
  45  4:44  Probe  
  47  4:54  Probe  
  47  4:56  Probe  
  49  5:06  Probe  
  50  5:08  Probe  
  50  5:09  Templar Archives  
  50  5:13  Pylon  
  51  5:14  Zealot  
  51  5:18  Probe  
  54  5:21  Immortal  
  54  5:22  Pylon  
  54  5:23  Assimilator  
  54  5:24  Pylon  
  54  5:31  Probe x2  
  54  5:34  Stalker  
  62  5:42  Pylon  
  62  5:43  Probe x2  
  62  5:46  High Templar  
  66  5:55  Probe x2  
  67  6:09  High Templar  
  67  6:10  Nexus  
  67  6:11  Pylon  
  69  6:19  High Templar  
  66  6:43  Stalker  
  68  6:50  Psionic Storm  
  66  7:13  Probe  
  66  7:14  Forge  
  67  7:18  Gateway  
  67  7:19  Gateway  
  67  7:21  Probe  
  67  7:22  Probe  
  69  7:25  Probe, Assimilator  
  69  7:27  High Templar x2  
  69  7:29  Assimilator  
  74  7:31  Archon  
  74  7:33  Probe  
  75  7:44  Protoss Ground Weapons Level 1 (Chrono Boost)  
  75  7:46  Stalker  
  77  7:54  Photon Cannon  
  77  7:57  Photon Cannon  
  77  8:03  Gateway x2  
  77  8:06  High Templar x2  
  77  8:11  Archon  
  81  8:20  High Templar  
  81  8:23  Probe x2  
  85  8:34  High Templar  
  85  8:40  Archon  
  73  8:57  High Templar x3  
  73  9:02  Archon  
  79  9:05  Probe  
  79  9:06  Probe  
  81  9:17  Gateway  
  81  9:19  Probe x2  
  81  9:20  Probe, Gateway  
  81  9:22  High Templar, Forge  
  81  9:23  Gateway, High Templar x2  
  90  9:25  Zealot  
  90  9:28  Archon x3  
  92  9:49  Pylon  
  92  9:52  Pylon  
  92  9:53  Photon Cannon  
  92  9:57  Photon Cannon  
  92  9:58  Photon Cannon  
  92  10:28  High Templar x5  
  94  10:32  Zealot x2  
  110  10:35  Immortal  
  110  10:49  Zealot x3  
  102  11:15  Immortal  
  106  11:21  High Templar  
  106  11:22  High Templar x3  
  91  11:51  Archon x2  
  91  12:01  Zealot  
  93  12:02  Zealot x6  
  105  12:23  High Templar  
  105  12:24  High Templar x4  
  115  12:39  Archon x2  
  115  12:44  Immortal  
  119  12:52  Photon Cannon  
  119  12:56  Photon Cannon  
  119  12:58  Photon Cannon  
  115  13:19  Charge  
  109  13:23  Immortal (Chrono Boost)  
  109  13:24  High Templar  
  109  13:25  High Templar x4  
  119  13:28  Probe x3  
  122  13:40  Probe  
  123  13:51  Zealot  
  123  13:55  Nexus  
  125  13:57  Pylon  
  125  13:59  Pylon  
  125  14:02  Protoss Ground Weapons Level 2 (Chrono Boost), Pylon x2  
  125  14:03  Pylon  
  125  14:05  Pylon  
  125  14:14  Observer (Chrono Boost)  
  125  14:15  Probe x2  
  128  14:17  Stalker x3  
  128  14:18  Stalker x3  
  140  14:31  Photon Cannon  
  140  14:34  Photon Cannon  
  140  14:37  Photon Cannon  
  140  14:41  Photon Cannon  
  140  14:45  Shield Battery  
  140  14:48  Shield Battery  
  140  14:50  High Templar x3  
  140  14:51  High Templar x2  
  150  14:54  Shield Battery  
  150  14:56  Probe x2  
  150  14:57  Probe  
  153  15:06  Immortal (Chrono Boost)  
  153  15:08  Probe  
  153  15:10  Forge  
  133  15:34  High Templar x4  
  113  15:44  Archon x2  
  113  15:47  Zealot x6  
  74  16:37  Stalker x2  
  74  16:38  Stalker x7  
  74  16:39  Stalker  
  78  17:01  Stalker x5  
  76  17:02  Stalker x3  
  70  17:22  Stalker  
  70  17:23  Stalker  
Show
View Real Time Build Order
Export as new Build Order

CocoFruit Zerg 

Build Orders: Hatch First, Zergling Baneling 

Get SALT Encoding   

  12  0:00  Drone  
  13  0:12  Overlord  
  13  0:17  Drone  
  14  0:30  Drone x2  
  14  0:34  Drone  
  17  0:54  Hatchery  
  17  0:55  Drone  
  17  0:59  Drone  
  18  1:09  Extractor  
  17  1:15  Spawning Pool  
  17  1:17  Drone  
  17  1:20  Drone  
  18  1:27  Drone  
  19  1:39  Drone  
  20  1:52  Overlord  
  20  2:02  Queen  
  20  2:08  Queen  
  24  2:10  Zergling x4  
  24  2:13  Drone  
  24  2:14  Metabolic Boost  
  27  2:19  Drone  
  28  2:29  Drone, Overlord  
  29  2:49  Queen x2  
  29  2:50  Drone x4  
  36  3:07  Baneling Nest  
  36  3:09  Drone x2  
  36  3:12  Drone x2  
  39  3:13  Drone x2  
  39  3:14  Overlord  
  41  3:25  Overlord  
  41  3:39  Zergling x12  
  47  3:53  Zergling x2  
  47  3:54  Zergling x6  
  51  4:00  Spore Crawler  
  51  4:02  Spore Crawler  
  49  4:03  Zergling x6  
  49  4:04  Zergling x4  
  49  4:06  Baneling x6  
  54  4:13  Extractor  
  53  4:26  Drone x2  
  53  4:27  Drone  
  53  4:28  Zergling x8  
  60  4:31  Baneling x3  
  60  4:52  Extractor, Overlord  
  59  4:53  Overlord x3  
  59  5:06  Drone  
  60  5:13  Drone x2  
  62  5:19  Lair  
  62  5:22  Drone  
  62  5:23  Drone  
  62  5:25  Drone x2  
  66  5:28  Extractor  
  65  5:55  Hatchery  
  64  6:08  Zergling x14  
  64  6:09  Zergling x10  
  76  6:16  Centrifical Hooks  
  76  6:20  Drone x4, Evolution Chamber  
  76  6:22  Evolution Chamber  
  65  7:05  Spore Crawler  
  61  7:09  Zergling x2  
  61  7:10  Zergling x10  
  61  7:12  Overlord  
  61  7:13  Overlord x3  
  61  7:15  Overseer x2  
  65  7:32  Drone x8  
  73  7:39  Drone x2  
  54  8:42  Hydralisk Den  
  54  8:45  Zerg Missile Weapons Level 1  
  50  8:49  Spore Crawler  
  50  8:52  Drone, Spore Crawler x2  
  50  8:53  Drone x7, Extractor, Spore Crawler  
  51  9:03  Drone x5  
  54  9:17  Drone x3  
  57  9:24  Muscular Augments  
  57  9:26  Hydralisk x2  
  57  9:27  Hydralisk x2  
  57  9:29  Overlord x3  
  57  9:30  Overlord x2  
  65  9:32  Hatchery, Overseer  
  65  9:33  Overseer  
  64  10:06  Drone, Spore Crawler  
  64  10:07  Drone x4, Spore Crawler  
  64  10:08  Spore Crawler  
  64  10:12  Spore Crawler  
  63  10:15  Spore Crawler  
  63  10:17  Pneumatized Carapace  
  62  10:21  Overlord x6  
  62  10:22  Overlord x3  
  60  10:31  Spine Crawler  
  60  10:32  Spine Crawler  
  58  10:39  Zerg Ground Armor Level 1  
  58  10:46  Hydralisk x8  
  58  10:47  Hydralisk x6  
  78  11:06  Queen  
  78  11:07  Queen x2  
  78  11:08  Hydralisk x5  
  94  11:17  Spore Crawler  
  94  11:18  Spore Crawler  
  90  11:19  Spore Crawler  
  90  11:21  Grooved Spines  
  90  11:24  Hatchery  
  88  11:29  Lurker Den  
  87  11:33  Drone, Extractor  
  87  11:34  Drone x3  
  87  11:35  Drone  
  86  12:05  Hydralisk  
  86  12:06  Hydralisk x11  
  100  12:33  Hatchery, Queen  
  101  12:53  Zerg Missile Weapons Level 2  
  101  12:54  Zerg Ground Armor Level 2  
  101  13:05  Lurker x3  
  104  13:08  Queen  
  106  13:16  Zergling x6  
  106  13:17  Zergling x6  
  106  13:19  Extractor  
  111  13:20  Extractor, Infestation Pit, Overlord x6  
  111  13:21  Overlord  
  109  13:29  Drone x3  
  109  13:32  Infestation Pit  
  111  13:50  Overseer x3  
  111  14:06  Drone x3  
  111  14:07  Drone x3  
  111  14:08  Drone x21  
  138  14:19  Hatchery  
  131  14:54  Hive  
  131  15:21  Hydralisk x9  
  131  15:22  Hydralisk x12  
  163  15:39  Hydralisk x2  
  163  15:40  Hydralisk x4  
  163  16:08  Hatchery  
  146  16:18  Hydralisk x2  
  146  16:19  Hydralisk x8  
  160  16:32  Overlord x4  
  160  16:33  Overlord  
  114  16:57  Viper x5  
  114  17:00  Overlord  
  114  17:01  Overlord x4  
  119  17:03  Hydralisk x3, Zergling x2  
  123  17:13  Spore Crawler  
  123  17:15  Spore Crawler  
  119  17:17  Spore Crawler  
  119  17:19  Spore Crawler  
  119  17:20  Hydralisk x4  
  103  17:44  Hydralisk x3  
  99  17:53  Spore Crawler  
  99  17:55  Spore Crawler x2  
  99  17:57  Spore Crawler  
Show
View Real Time Build Order
Export as new Build Order

Massa Terran - Winner!

Build Orders:  

Get SALT Encoding   

  12  0:01  SCV  
  13  0:16  Supply Depot  
  13  0:18  SCV  
  14  0:30  SCV  
  15  0:42  SCV  
  16  0:44  Barracks  
  16  0:50  Refinery  
  16  0:54  SCV  
  17  1:06  SCV  
  18  1:18  SCV  
  19  1:30  SCV  
  20  1:34  Reaper  
  20  1:39  Barracks  
  21  1:43  SCV  
  22  2:08  Reaper  
  23  2:09  Command Center  
  23  2:30  Factory  
  23  3:22  Marine x2  
  23  3:25  Orbital Command x2  
  25  3:28  Factory Tech Lab  
  25  3:31  Factory  
  24  3:40  Marine x2  
  26  3:56  SCV x2  
  26  3:58  Marine x2  
  30  4:04  Refinery, Siege Tank  
  30  4:08  SCV x2  
  35  4:12  Refinery  
  35  4:14  Engineering Bay  
  35  4:20  SCV x2  
  35  4:23  Factory Tech Lab  
  37  4:32  SCV, Supply Depot  
  37  4:33  Supply Depot  
  37  4:37  Supply Depot  
  38  4:43  Missile Turret  
  38  4:54  SCV x2, Siege Tank  
  43  5:01  Supply Depot  
  43  5:06  SCV x2  
  45  5:08  Missile Turret  
  45  5:12  Missile Turret  
  45  5:16  Command Center  
  45  5:18  SCV  
  46  5:25  Siege Tank  
  49  5:28  Marine  
  49  5:33  Missile Turret  
  49  5:34  SCV x2  
  52  5:42  Terran Infantry Weapons Level 1  
  52  5:46  Marine  
  52  5:47  Marine  
  54  5:51  Widow Mine  
  54  5:54  Missile Turret  
  56  5:58  Widow Mine  
  56  6:04  Marine  
  57  6:05  Marine  
  57  6:06  SCV x2  
  61  6:18  SCV x2  
  63  6:30  SCV  
  62  6:46  SCV x2  
  64  6:58  Widow Mine x2, SCV x2  
  64  6:59  Marine x2  
  72  7:05  Command Center  
  72  7:10  SCV, Engineering Bay  
  72  7:11  SCV  
  72  7:12  Armory  
  74  7:17  Marine x2  
  74  7:19  Widow Mine x2  
  74  7:21  Armory  
  80  7:23  SCV x2  
  80  7:25  Starport  
  80  7:29  Starport  
  82  7:34  Orbital Command, Marine  
  82  7:35  Marine  
  85  7:37  SCV  
  85  7:49  Supply Depot  
  85  7:50  Supply Depot  
  85  7:51  Supply Depot  
  85  7:52  Supply Depot  
  85  8:10  SCV x2, Marine x2  
  85  8:11  Widow Mine x2  
  90  8:15  Supply Depot  
  87  8:23  SCV x2  
  89  8:28  Marine x2  
  89  8:32  Widow Mine x2  
  94  8:35  SCV x2  
  94  8:39  Medivac x2  
  98  8:46  Marine x2  
  100  8:55  SCV x3  
  103  9:07  SCV x3  
  103  9:09  Medivac x2  
  110  9:19  SCV x3  
  113  9:24  Command Center  
  113  9:31  SCV x3  
  116  9:39  Medivac x2  
  116  9:43  SCV  
  121  9:46  Barracks Tech Lab  
  121  9:57  Barracks  
  121  9:59  Refinery  
  121  10:02  Refinery  
  121  10:08  Thor x2  
  133  10:40  Marauder  
  133  10:41  Marine  
  136  10:45  Factory  
  135  10:58  Marine  
  135  11:02  Marauder  
  137  11:16  Marine  
  138  11:23  Marauder  
  140  11:34  Marine  
  129  11:44  Marauder  
  132  11:55  Thor  
  132  11:56  Thor  
  144  12:06  Marauder, Stimpack  
  139  12:10  Barracks Tech Lab  
  122  12:17  Barracks Tech Lab  
  122  12:20  Orbital Command, Barracks  
  114  12:22  SCV  
  114  12:23  SCV x2  
  114  12:24  Factory Tech Lab  
  114  12:27  Marauder  
  111  12:30  Planetary Fortress  
  111  12:34  SCV  
  111  12:35  SCV  
  111  12:36  Medivac x2  
  117  12:38  Thor  
  123  12:49  Marauder  
  125  13:01  Terran Infantry Weapons Level 2  
  125  13:02  Terran Infantry Armor Level 1  
  125  13:03  Terran Vehicle Weapons Level 1  
  125  13:04  Terran Vehicle And Ship Armor Level 1  
  125  13:06  Medivac x2  
  125  13:10  Marauder  
  125  13:11  Barracks Tech Lab  
  131  13:15  Marauder  
  131  13:17  Concussive Shells  
  133  13:23  Refinery  
  133  13:25  Refinery  
  133  13:30  SCV  
  133  13:31  SCV x4, Marauder  
  140  13:34  Refinery  
  140  13:36  Marauder  
  140  13:37  Refinery  
  142  13:42  SCV, Marauder  
  142  13:43  SCV x3  
  142  13:45  Combat Shield  
  142  13:47  Barracks  
  148  13:51  Barracks  
  148  13:53  Marauder  
  150  13:58  Marauder, Sensor Tower  
  152  14:03  Marauder  
  152  14:06  Command Center  
  154  14:15  SCV  
  155  14:19  Command Center  
  155  14:25  Supply Depot  
  155  14:26  Starport Tech Lab, Starport Reactor  
  155  14:27  Supply Depot  
  155  14:28  Supply Depot  
  155  14:36  SCV x2  
  155  14:37  Marauder  
  155  14:47  SCV x3, Marauder x2  
  155  14:48  SCV x2  
  155  14:50  Supply Depot  
  155  14:52  Supply Depot  
  160  14:53  Supply Depot  
  160  14:58  Marauder  
  160  14:59  SCV  
  163  15:00  Bunker  
  163  15:05  Barracks Tech Lab  
  163  15:06  Barracks Tech Lab  
  163  15:09  Marauder x2, Thor x2  
  163  15:12  Thor  
  185  15:14  Supply Depot  
  185  15:20  Marauder, Supply Depot x2  
  186  15:30  Marauder x2  
  186  15:41  Marauder  
  188  15:43  Supply Depot  
  188  15:51  Marauder x2  
  188  15:52  Thor  
  188  15:55  Thor  
  175  15:58  Marauder  
  175  15:59  Marauder x2  
  175  16:02  Marauder  
  179  16:13  Marauder x2  
  164  16:20  Marauder x3  
  164  16:24  Marauder  
  149  16:34  Marauder, Marine  
  152  16:41  Marine x3  
  152  16:45  Marine  
  156  16:51  Marine  
  157  16:55  Marauder  
  157  16:59  Marauder x2, Marine  
  164  17:03  Marauder  
  166  17:09  Marine, Command Center  
  166  17:11  Thor x3  
  185  17:17  Marauder x2  
  185  17:20  Marauder  
  185  17:21  Marauder  
  193  17:24  Marine  
  193  17:28  Marauder  
  186  17:38  Marine  
Show
View Real Time Build Order
Export as new Build Order

qqq Protoss - Winner!

Build Orders: Carriers, Mass Phoenix 

Get SALT Encoding   

  12  0:02  Probe  
  13  0:14  Probe  
  14  0:17  Pylon  
  14  0:26  Probe  
  15  0:34  Pylon  
  15  0:43  Probe  
  16  0:55  Probe  
  17  1:12  Nexus  
  17  1:26  Gateway  
  17  1:35  Probe, Assimilator  
  18  1:47  Probe  
  19  1:59  Probe  
  20  2:11  Probe  
  20  2:15  Cybernetics Core  
  21  2:23  Zealot  
  21  2:24  Probe  
  21  2:25  Probe  
  25  2:33  Assimilator  
  25  2:36  Probe  
  26  2:38  Probe  
  27  2:48  Probe  
  27  2:50  Probe  
  29  3:00  Probe  
  29  3:01  Stalker  
  29  3:02  Probe  
  33  3:12  Probe  
  34  3:14  Probe  
  35  3:22  Stargate  
  35  3:26  Probe (Chrono Boost)  
  37  3:35  Assimilator  
  37  3:36  Probe x2 (Chrono Boost)  
  37  3:39  Assimilator  
  37  3:41  Probe (Chrono Boost)  
  38  3:42  Probe  
  38  3:44  Stargate  
  40  3:52  Probe  
  40  3:54  Probe  
  42  4:04  Probe  
  42  4:06  Phoenix  
  42  4:07  Probe  
  46  4:19  Pylon  
  46  4:22  Pylon  
  46  4:23  Pylon  
  46  4:25  Protoss Air Weapons Level 1  
  46  4:37  Probe x2, Phoenix x2 (Chrono Boost)  
  52  4:49  Probe  
  52  4:52  Forge  
  53  5:00  Phoenix x2 (Chrono Boost)  
  53  5:01  Probe  
  58  5:13  Probe  
  59  5:17  Phoenix x2  
  63  5:24  Nexus  
  63  5:25  Probe  
  63  5:27  Pylon  
  64  5:30  Pylon  
  64  5:37  Probe  
  64  5:42  Phoenix x2  
  69  5:49  Probe  
  70  5:52  Photon Cannon  
  70  5:55  Photon Cannon  
  70  5:58  Photon Cannon  
  70  6:07  Phoenix x2  
  74  6:16  Photon Cannon  
  74  6:17  Photon Cannon  
  74  6:19  Pylon  
  71  6:33  Protoss Air Armor Level 1  
  67  7:16  Phoenix x2  
  67  7:20  Probe  
  72  7:24  Photon Cannon  
  72  7:26  Photon Cannon  
  72  7:28  Shield Battery  
  72  7:30  Pylon  
  72  7:32  Probe, Pylon  
  73  7:38  Nexus  
  73  7:39  Pylon  
  73  7:41  Phoenix x2  
  73  7:44  Probe  
  77  7:53  Photon Cannon  
  77  7:54  Photon Cannon  
  77  7:55  Shield Battery  
  77  7:56  Probe  
  78  8:02  Photon Cannon  
  78  8:06  Phoenix x2  
  78  8:08  Probe  
  83  8:17  Photon Cannon  
  83  8:18  Photon Cannon  
  83  8:20  Probe  
  83  8:21  Pylon  
  73  8:31  Phoenix  
  73  8:32  Probe  
  51  8:57  Probe  
  51  8:58  Probe  
  51  9:02  Probe  
  54  9:09  Probe  
  55  9:10  Probe  
  55  9:12  Probe  
  55  9:14  Probe  
  58  9:17  Photon Cannon  
  58  9:18  Photon Cannon  
  58  9:19  Shield Battery  
  58  9:21  Probe  
  58  9:23  Probe  
  60  9:25  Probe  
  60  9:26  Probe  
  62  9:33  Probe  
  62  9:34  Fleet Beacon  
  62  9:35  Probe  
  62  9:37  Probe  
  65  9:38  Probe  
  66  9:45  Probe  
  66  9:47  Probe  
  66  9:49  Probe  
  66  9:51  Probe  
  70  9:57  Probe  
  70  9:59  Probe  
  72  10:01  Probe  
  72  10:03  Probe  
  74  10:10  Probe  
  74  10:11  Probe  
  74  10:13  Probe  
  77  10:15  Probe  
  76  10:22  Probe  
  76  10:23  Probe  
  76  10:25  Probe  
  76  10:27  Probe  
  78  10:30  Tempest x2  
  78  10:34  Probe  
  89  10:38  Probe x2  
  89  10:39  Probe  
  92  10:45  Pylon  
  92  10:46  Probe  
  92  10:48  Photon Cannon  
  93  10:50  Probe x2  
  93  10:51  Probe, Anion Pulse-Crystals  
  96  10:58  Probe  
  96  11:02  Probe x2  
  96  11:03  Probe  
  100  11:10  Probe  
  99  11:13  Carrier  
  99  11:14  Probe  
  99  11:15  Probe  
  107  11:21  Carrier  
  107  11:23  Probe x2  
  115  11:27  Probe x2, Assimilator  
  115  11:29  Assimilator  
  117  11:35  Probe x2  
  117  11:37  Shield Battery  
  117  11:39  Probe, Photon Cannon  
  120  11:41  Photon Cannon  
  112  12:05  Zealot  
  114  12:12  Gateway x2  
  114  12:15  Protoss Air Weapons Level 2 (Chrono Boost)  
  114  12:17  Carrier  
  114  12:19  Assimilator  
  120  12:23  Assimilator  
  120  12:25  Probe  
  120  12:26  Probe, Carrier  
  128  12:32  Zealot  
  130  12:38  Probe  
  131  12:45  Stargate  
  131  12:49  Stargate  
  131  12:50  Probe  
  132  12:59  Zealot  
  132  13:02  Probe  
  132  13:03  Zealot x2  
  139  13:14  Probe  
  139  13:16  Gateway  
  139  13:19  Gateway  
  138  13:21  Carrier  
  138  13:26  Zealot  
  145  13:30  Photon Cannon  
  145  13:31  Zealot  
  147  13:37  Pylon  
  147  13:42  Pylon  
  147  13:44  Pylon  
  147  13:46  Pylon  
  147  13:47  Pylon  
  147  13:49  Pylon  
  147  13:50  Robotics Facility  
  147  13:55  Carrier, Zealot  
  155  14:00  Carrier, Zealot  
  155  14:01  Mothership (Chrono Boost)  
  155  14:02  Carrier, Zealot  
  171  14:09  Photon Cannon  
  179  14:12  Pylon  
  179  14:14  Pylon  
  179  14:16  Pylon  
  179  14:18  Pylon  
  179  14:22  Zealot  
  181  14:26  Carrier  
  181  14:27  Zealot  
  181  14:29  Zealot  
  175  14:49  Zealot  
  177  14:54  Zealot  
  177  14:56  Protoss Ground Weapons Level 1, Twilight Council, Zealot  
  177  14:59  Carrier  
  187  15:00  Zealot x2  
  187  15:04  Carrier  
  197  15:16  Zealot  
  187  15:30  Carrier  
  193  15:49  Carrier  
  199  16:04  Charge  
  199  16:07  Observer  
  184  16:35  Zealot  
  184  16:36  Zealot x2  
  174  17:04  Tempest, Carrier x3  
Tags
 
Add a new tag
Caveats
  • Supply blocks, unpowered buildings, or Contaminate may cause inaccurate times.
  • Supply counts are checked every 10 seconds.